TOP OF THE 1ST |
Washington Nationals batting - Pitching for Los Angeles Dodgers : RHP Ray Scifo
|
Pitching: RHP Ray Scifo
|
|
Batting: SHB Andrew Wray II
|
0-0: Called Strike 0-1: Ball 1-1: DOUBLE (Line Drive, 5D, EV 97.5 MPH)
|
Batting: RHB C.J. Beavers
|
0-0: Ball 1-0: Called Strike 1-1: Called Strike 1-2: Ground out 4-3 (Groundball, 34, EV 81.9 MPH) Andrew Wray II to third
|
Batting: LHB R.J. O'Brien
|
0-0: Foul Ball, location: 2F 0-1: Ground out 5-3 (Groundball, 56, EV 97.5 MPH) Andrew Wray II scores
|
Batting: SHB Junzo Kato
|
0-0: Ball 1-0: Called Strike 1-1: Ball 2-1: Called Strike 2-2: SINGLE (Groundball, 3D, EV 108.1 MPH)
|
Batting: LHB Yasahiko Teshima
|
0-0: Fly out, F7 (Flyball, 78M, EV 93.1 MPH)
|
Top of the 1st over - 1 run, 2 hits, 0 errors, 1 left on base; Washington 1 - Los Angeles 0 |
BOTTOM OF THE 1ST |
Los Angeles Dodgers batting - Pitching for Washington Nationals : LHP Tim Wybenga
|
Pitching: LHP Tim Wybenga
|
|
Batting: SHB Joel Baker
|
0-0: Called Strike 0-1: Foul Ball, location: 2F 0-2: Strikes out swinging
|
Batting: LHB Chris Ringwood
|
0-0: Called Strike 0-1: Called Strike 0-2: Foul Ball, location: 2F 0-2: Foul Ball, location: 2F 0-2: SINGLE (Line Drive, 8RS, EV 103.8 MPH)
|
Batting: RHB Clay Buchanan
|
0-0: Ball 1-0: Ball 2-0: Fielders Choice at 2nd, 1-6 (Groundball, 13S, EV 71.3 MPH)
|
Batting: LHB Lirak Bazhunaishvili
|
0-0: Foul Ball, location: 2F 0-1: Called Strike 0-2: SINGLE (Line Drive, 8RS, EV 98.1 MPH) Clay Buchanan to second Clay Buchanan to third
|
Batting: RHB Jorge Severiano
|
0-0: Ball 1-0: Foul Ball, location: 2F 1-1: Ball 2-1: Ball 3-1: Foul Ball, location: 2F 3-2: SINGLE (Line Drive, 5D, EV 103.1 MPH) Clay Buchanan scores Lirak Bazhunaishvili to second Lirak Bazhunaishvili to third
|
Batting: RHB Tsutomu Irie
|
0-0: Ball 1-0: Foul Ball, location: 2F 1-1: Ball 2-1: Foul Ball, location: 2F 2-2: Strikes out swinging
|
Bottom of the 1st over - 1 run, 3 hits, 0 errors, 2 left on base; Washington 1 - Los Angeles 1 |
TOP OF THE 2ND |
Washington Nationals batting - Pitching for Los Angeles Dodgers : RHP Ray Scifo
|
Batting: RHB Luis Torres
|
0-0: Swinging Strike 0-1: Ball 1-1: Called Strike 1-2: Foul Ball, location: 2F 1-2: Fly out, F9 (Flyball, 9D, EV 102.5 MPH)
|
Batting: RHB Mike Blair
|
0-0: Ball 1-0: Ball 2-0: Called Strike 2-1: Ball 3-1: SINGLE (Groundball, 6S, EV 72.5 MPH) (infield hit)
|
Batting: RHB Dan Fallon
|
0-0: Ball 1-0: Called Strike 1-1: Ball 2-1: Foul Ball, location: 2F 2-2: Ball 3-2: Strikes out swinging Mike Blair steals 2nd base Batter strikes out.
|
Batting: RHB Masashi Yukizawa
|
0-0: Ball 1-0: Fly out, F8 (Flyball, 8RXD, EV 105.6 MPH)
|
Top of the 2nd over - 0 runs, 1 hit, 0 errors, 1 left on base; Washington 1 - Los Angeles 1 |
BOTTOM OF THE 2ND |
Los Angeles Dodgers batting - Pitching for Washington Nationals : LHP Tim Wybenga
|
Batting: RHB Edwin Soto
|
0-0: Ground out 5-3 (Groundball, 56S, EV 85.6 MPH)
|
Batting: RHB Ben Mischnick
|
0-0: Ball 1-0: Called Strike 1-1: Ball 2-1: Foul Ball, location: 2F 2-2: DOUBLE (Groundball, 5L, EV 98.1 MPH)
|
Batting: LHB Ryan Taylor
|
0-0: Called Strike 0-1: Called Strike 0-2: Ball 1-2: Strikes out swinging
|
Batting: SHB Joel Baker
|
0-0: Called Strike 0-1: Ball 1-1: Ball 2-1: Ball 3-1: Base on Balls
|
Batting: LHB Chris Ringwood
|
0-0: Ball 1-0: Called Strike 1-1: Swinging Strike 1-2: Ground out U3 (Groundball, 34, EV 81.9 MPH)
|
Bottom of the 2nd over - 0 runs, 1 hit, 0 errors, 2 left on base; Washington 1 - Los Angeles 1 |
TOP OF THE 3RD |
Washington Nationals batting - Pitching for Los Angeles Dodgers : RHP Ray Scifo
|
Batting: SHB Andrew Wray II
|
0-0: Ball 1-0: SINGLE (Groundball, 25, EV 70.0 MPH) (infield hit)
|
Batting: RHB C.J. Beavers
|
0-0: Fielders Choice at 2nd, 3-6 (Groundball, 34S, EV 78.1 MPH)
|
Batting: LHB R.J. O'Brien
|
0-0: SINGLE (Groundball, 4MD, EV 94.4 MPH) C.J. Beavers to second Runner from 2nd tries for 3rd, SAFE, throw by CF made to third R.J. O'Brien to second
|
Batting: SHB Junzo Kato
|
0-0: Called Strike 0-1: Ball 1-1: Foul Ball, location: 2F 1-2: Ball 2-2: Ground out 6-3 (Groundball, 6M, EV 85.0 MPH) C.J. Beavers scores R.J. O'Brien to third
|
Batting: LHB Yasahiko Teshima
|
0-0: Ball 1-0: Foul Ball, location: 2F 1-1: Called Strike 1-2: Ground out 4-3 (Groundball, 4S, EV 79.4 MPH)
|
Top of the 3rd over - 1 run, 2 hits, 0 errors, 1 left on base; Washington 2 - Los Angeles 1 |
BOTTOM OF THE 3RD |
Los Angeles Dodgers batting - Pitching for Washington Nationals : LHP Tim Wybenga
|
Batting: RHB Clay Buchanan
|
0-0: Foul Ball, location: 2F 0-1: Ball 1-1: Foul Ball, location: 2F 1-2: Strikes out swinging
|
Batting: LHB Lirak Bazhunaishvili
|
0-0: Ball 1-0: Called Strike 1-1: Ground out 5-3 (Groundball, 5L, EV 80.6 MPH)
|
Batting: RHB Jorge Severiano
|
0-0: Foul Ball, location: 2F 0-1: Foul Ball, location: 2F 0-2: Ball 1-2: Foul Ball, location: 2F 1-2: Foul Ball, location: 2F 1-2: Ground out 4-3 (Groundball, 34, EV 88.8 MPH)
|
Bottom of the 3rd over - 0 runs, 0 hits, 0 errors, 0 left on base; Washington 2 - Los Angeles 1 |
TOP OF THE 4TH |
Washington Nationals batting - Pitching for Los Angeles Dodgers : RHP Ray Scifo
|
Batting: RHB Luis Torres
|
0-0: Ball 1-0: Called Strike 1-1: Ball 2-1: Foul Ball, location: 2F 2-2: Strikes out swinging
|
Batting: RHB Mike Blair
|
0-0: Ball 1-0: Called Strike 1-1: Ground out U3 (Groundball, 34S, EV 90.6 MPH)
|
Batting: RHB Dan Fallon
|
0-0: Ball 1-0: Called Strike 1-1: Called Strike 1-2: Foul Ball, location: 2F 1-2: Foul Ball, location: 2F 1-2: Strikes out swinging
|
Top of the 4th over - 0 runs, 0 hits, 0 errors, 0 left on base; Washington 2 - Los Angeles 1 |
BOTTOM OF THE 4TH |
Los Angeles Dodgers batting - Pitching for Washington Nationals : LHP Tim Wybenga
|
Batting: RHB Tsutomu Irie
|
0-0: Ball 1-0: Foul Ball, location: 2F 1-1: Called Strike 1-2: Strikes out swinging
|
Batting: RHB Edwin Soto
|
0-0: Ball 1-0: Ball 2-0: Ball 3-0: Fly out, F4 (Popup, 3S, EV 82.5 MPH)
|
Batting: RHB Ben Mischnick
|
0-0: Ball 1-0: Ball 2-0: Foul Ball, location: 2F 2-1: Called Strike 2-2: Fly out, F9 (Flyball, 9LS, EV 89.4 MPH)
|
Bottom of the 4th over - 0 runs, 0 hits, 0 errors, 0 left on base; Washington 2 - Los Angeles 1 |
TOP OF THE 5TH |
Washington Nationals batting - Pitching for Los Angeles Dodgers : RHP Ray Scifo
|
Batting: RHB Masashi Yukizawa
|
0-0: Ball 1-0: Fly out, F7 (Flyball, 78M, EV 76.9 MPH)
|
Batting: SHB Andrew Wray II
|
0-0: Ball 1-0: Foul Ball, location: 2F 1-1: Ball 2-1: Fly out, F8 (Flyball, 8RXD, EV 97.5 MPH)
|
Batting: RHB C.J. Beavers
|
0-0: Swinging Strike 0-1: Ball 1-1: Ball 2-1: Swinging Strike 2-2: Strikes out looking
|
Top of the 5th over - 0 runs, 0 hits, 0 errors, 0 left on base; Washington 2 - Los Angeles 1 |
BOTTOM OF THE 5TH |
Los Angeles Dodgers batting - Pitching for Washington Nationals : LHP Tim Wybenga
|
Batting: LHB Ryan Taylor
|
0-0: Called Strike 0-1: Called Strike 0-2: Ground out 4-3 (Groundball, 34D, EV 110.0 MPH)
|
Batting: SHB Joel Baker
|
0-0: Ball 1-0: DOUBLE (Flyball, 78D, EV 109.4 MPH)
|
Batting: LHB Chris Ringwood
|
0-0: Ground out 6-3 (Groundball, 6M, EV 92.5 MPH) Joel Baker to third
|
Batting: RHB Clay Buchanan
|
0-0: Ball 1-0: Called Strike 1-1: Ball 2-1: Foul Ball, location: 2F 2-2: SINGLE (Groundball, 34S, EV 64.4 MPH) (infield hit) Joel Baker scores
|
Batting: LHB Lirak Bazhunaishvili
|
0-0: Ball 1-0: Ball 2-0: Called Strike 2-1: Ball 3-1: SINGLE (Line Drive, 5D, EV 97.5 MPH) Clay Buchanan to second Runner from 2nd tries for 3rd, OUT! 7-5
|
Bottom of the 5th over - 1 run, 3 hits, 0 errors, 1 left on base; Washington 2 - Los Angeles 2 |
TOP OF THE 6TH |
Washington Nationals batting - Pitching for Los Angeles Dodgers : RHP Ray Scifo
|
Batting: LHB R.J. O'Brien
|
0-0: Ball 1-0: Ball 2-0: Foul Ball, location: 2F 2-1: Ball 3-1: Base on Balls
|
Batting: SHB Junzo Kato
|
0-0: Ball 1-0: Fly out, F5 (Line Drive, 5, EV 75.6 MPH)
|
Batting: LHB Yasahiko Teshima
|
0-0: Called Strike 0-1: Ball 1-1: Ball 2-1: Ball 3-1: Foul Ball, location: 2F 3-2: Strikes out swinging
|
Batting: RHB Luis Torres
|
0-0: Ball R.J. O'Brien is caught stealing 2nd base 2-4
|
Top of the 6th over - 0 runs, 0 hits, 0 errors, 0 left on base; Washington 2 - Los Angeles 2 |
BOTTOM OF THE 6TH |
Los Angeles Dodgers batting - Pitching for Washington Nationals : LHP Tim Wybenga
|
Batting: RHB Jorge Severiano
|
0-0: Foul Ball, location: 2F 0-1: Fly out, F7 (Flyball, 7S, EV 86.3 MPH)
|
Batting: RHB Tsutomu Irie
|
0-0: Swinging Strike 0-1: Ball 1-1: Bunt for hit to 2L - play at first, batter OUT! 2-3
|
Batting: RHB Edwin Soto
|
0-0: Ball 1-0: Ball 2-0: Foul Ball, location: 2F 2-1: Swinging Strike 2-2: Strikes out looking
|
Bottom of the 6th over - 0 runs, 0 hits, 0 errors, 0 left on base; Washington 2 - Los Angeles 2 |
TOP OF THE 7TH |
Washington Nationals batting - Pitching for Los Angeles Dodgers : RHP Ray Scifo
|
Batting: RHB Luis Torres
|
0-0: Ball 1-0: Fly out, F7 (Flyball, 78M, EV 82.5 MPH)
|
Batting: RHB Mike Blair
|
0-0: Ball 1-0: Fly out, F9 (Flyball, 9LS, EV 91.9 MPH)
|
Batting: RHB Dan Fallon
|
0-0: Ball 1-0: Ball 2-0: Called Strike 2-1: Foul Ball, location: 2F 2-2: Ball 3-2: Base on Balls
|
Batting: RHB Masashi Yukizawa
|
0-0: Called Strike 0-1: Called Strike 0-2: Ball 1-2: Ball 2-2: Strikes out looking
|
Top of the 7th over - 0 runs, 0 hits, 0 errors, 1 left on base; Washington 2 - Los Angeles 2 |
BOTTOM OF THE 7TH |
Los Angeles Dodgers batting - Pitching for Washington Nationals : LHP Tim Wybenga
|
Batting: RHB Ben Mischnick
|
0-0: Ball 1-0: Foul Ball, location: 2F 1-1: Swinging Strike 1-2: Foul Ball, location: 2F 1-2: SINGLE (Groundball, 56S, EV 68.1 MPH) (infield hit)
|
Pitching: RHP Manuel Romero
|
|
Batting: LHB Ryan Taylor
|
0-0: Ball 1-0: Ball 2-0: Called Strike 2-1: Ball 3-1: Base on Balls Ben Mischnick to second
|
Batting: SHB Joel Baker
|
0-0: Called Strike 0-1: Called Strike 0-2: Strikes out swinging
|
Batting: LHB Chris Ringwood
|
0-0: Foul Ball, location: 2F 0-1: Ball 1-1: Foul Ball, location: 2F 1-2: Ball 2-2: Foul Ball, location: 2F 2-2: Fly out, F7 (Flyball, 7D, EV 83.1 MPH) Runner from 2nd tags up, SAFE at 3rd, no throw by LF
|
Batting: RHB Clay Buchanan
|
0-0: Called Strike 0-1: Swinging Strike 0-2: Ball 1-2: Strikes out swinging
|
Bottom of the 7th over - 0 runs, 1 hit, 0 errors, 2 left on base; Washington 2 - Los Angeles 2 |
TOP OF THE 8TH |
Washington Nationals batting - Pitching for Los Angeles Dodgers : RHP Ray Scifo
|
Batting: SHB Andrew Wray II
|
0-0: Called Strike 0-1: Ball 1-1: Foul Ball, location: 2F 1-2: Foul Ball, location: 2F 1-2: Ground out U3 (Groundball, 3, EV 104.4 MPH)
|
Pitching: LHP Gabe Reyes
|
|
Batting: RHB C.J. Beavers
|
0-0: Ball 1-0: DOUBLE (Line Drive, 9LS, EV 108.1 MPH)
|
Pinch Hitting: RHB John Sanders
|
0-0: Ball 1-0: Ball 2-0: Ball 3-0: Called Strike 3-1: SINGLE (Groundball, 6MD, EV 107.5 MPH) C.J. Beavers to third Runner from 3rd tries for Home, SAFE, throw by CF to home John Sanders to second
|
Batting: SHB Junzo Kato
|
0-0: Intentional Walk
|
Pinch Hitting: RHB Tommy Baird
|
0-0: SINGLE (Line Drive, 8RS, EV 106.9 MPH) John Sanders to third Junzo Kato to second
|
Batting: RHB Luis Torres
|
0-0: Ball 1-0: Ball 2-0: Foul Ball, location: 2F 2-1: Swinging Strike 2-2: Foul Ball, location: 2F 2-2: Strikes out swinging
|
Batting: RHB Mike Blair
|
0-0: Ball 1-0: Ball 2-0: Foul Ball, location: 2F 2-1: Foul Ball, location: 2F 2-2: DOUBLE (Groundball, 5L, EV 103.1 MPH) John Sanders scores Junzo Kato scores Tommy Baird to third Runner from 3rd tries for Home, SAFE, throw by LF to home
|
Pitching: RHP Miguel Arguello
|
|
Batting: RHB Dan Fallon
|
0-0: Ball 1-0: Called Strike 1-1: Ball 2-1: Ground out 4-3 (Groundball, 4, EV 76.9 MPH)
|
Top of the 8th over - 4 runs, 4 hits, 0 errors, 1 left on base; Washington 6 - Los Angeles 2 |
BOTTOM OF THE 8TH |
Los Angeles Dodgers batting - Pitching for Washington Nationals : RHP Manuel Romero
|
Now at 1B: Armando Carbajal
|
|
Now in LF: Tommy Baird
|
|
Batting: LHB Lirak Bazhunaishvili
|
0-0: Ball 1-0: Swinging Strike 1-1: Foul Ball, location: 2F 1-2: Strikes out swinging
|
Batting: RHB Jorge Severiano
|
0-0: Swinging Strike 0-1: Foul Ball, location: 2F 0-2: Ball 1-2: Strikes out swinging
|
Batting: RHB Tsutomu Irie
|
0-0: Ball 1-0: Foul Ball, location: 2F 1-1: Ball 2-1: Foul Ball, location: 2F 2-2: Ball 3-2: SOLO HOME RUN (Flyball, 7D, EV 95.0 MPH), Distance : 363 ft
|
Pitching: LHP Chris Baran
|
|
Batting: RHB Edwin Soto
|
0-0: Called Strike 0-1: Ball 1-1: Fly out, F2 (Popup, 2LF, EV 91.3 MPH)
|
Bottom of the 8th over - 1 run, 1 hit, 0 errors, 0 left on base; Washington 6 - Los Angeles 3 |
TOP OF THE 9TH |
Washington Nationals batting - Pitching for Los Angeles Dodgers : RHP Miguel Arguello
|
Batting: RHB Masashi Yukizawa
|
0-0: SOLO HOME RUN (Flyball, 7D, EV 96.9 MPH), Distance : 375 ft
|
Batting: SHB Andrew Wray II
|
0-0: Ball 1-0: Called Strike 1-1: Ball 2-1: Ball 3-1: Ground out 5-3 (Groundball, 56, EV 87.5 MPH)
|
Batting: RHB C.J. Beavers
|
0-0: Fly out, F7 (Flyball, 78M, EV 83.8 MPH)
|
Batting: LHB Armando Carbajal
|
0-0: Ball 1-0: Ball 2-0: Called Strike 2-1: Ball 3-1: SINGLE (Groundball, 13, EV 77.5 MPH) (infield hit)
|
Batting: SHB Junzo Kato
|
0-0: Ball 1-0: SINGLE (Line Drive, 7S, EV 95.0 MPH) Armando Carbajal to second Armando Carbajal to third
|
Batting: RHB Tommy Baird
|
0-0: Foul Ball, location: 2F 0-1: Foul Ball, location: 2F 0-2: Strikes out swinging
|
Top of the 9th over - 1 run, 3 hits, 0 errors, 2 left on base; Washington 7 - Los Angeles 3 |
BOTTOM OF THE 9TH |
Los Angeles Dodgers batting - Pitching for Washington Nationals : LHP Chris Baran
|
Batting: RHB Ben Mischnick
|
0-0: Ground out 1-3 (Groundball, P, EV 73.1 MPH)
|
Batting: LHB Ryan Taylor
|
0-0: Fly out, F8 (Flyball, 8RD, EV 87.5 MPH)
|
Batting: SHB Joel Baker
|
0-0: Ball 1-0: Ball 2-0: Foul Ball, location: 2F 2-1: Ball 3-1: Base on Balls
|
Batting: LHB Chris Ringwood
|
0-0: Ball 1-0: Called Strike 1-1: Swinging Strike 1-2: Fly out, F9 (Flyball, 89M, EV 86.3 MPH)
|
Bottom of the 9th over - 0 runs, 0 hits, 0 errors, 1 left on base; Washington 7 - Los Angeles 3 |
|